 Dungeon Crawl Stone Soup version 0.23-a0-350-g6fd5563 (webtiles) character file.

449 Garbasso the Vexing (level 6, -1/46 HPs)
             Began as a Demonspawn Enchanter on Oct 20, 2018.
             Slain by Natasha (6 damage)
             ... on level 2 of the Dungeon.
             The game lasted 00:14:51 (4727 turns).

Garbasso the Vexing (Demonspawn Enchanter)          Turns: 4727, Time: 00:14:52

Health: -1/46      AC:  6    Str:  8    XL:     6   Next: 74%
Magic:  1/9        EV: 12    Int: 16    God:
Gold:   76         SH:  0    Dex: 16    Spells: 0/9 levels left

rFire    . . .     SeeInvis +   a - +1 dagger
rCold    . . .     Gourm    .   (no shield)
rNeg     . . .     Faith    .   b - +0 robe
rPois    .         Spirit   .   (helmet restricted)
rElec    .         Reflect  .   c - +0 cloak
rCorr    .         Harm     .   (no gloves)
MR       .....                  (no boots)
Stlth    ++........             (no amulet)
HPRegen  0.15/turn              (no ring)
MPRegen  0.11/turn              (no ring)

@: no status effects
A: hooves 2, horns 1, yellow scales 2, see invisible, evolution 1
a: no special abilities


You were on level 2 of the Dungeon.
You were hungry.

You visited 1 branch of the dungeon, and saw 3 of its levels.

You collected 76 gold pieces.

Inventory:

Hand Weapons
 a - a +1 dagger (weapon)
Missiles
 l - 58 stones (quivered)
Armour
 b - a +0 robe (worn)
 c - a +0 cloak (worn)
 f - a +0 helmet
Jewellery
 h - an uncursed ring of wizardry {unknown}
 j - an uncursed ring of fire
Scrolls
 g - 2 scrolls of teleportation
Comestibles
 d - 3 rations
 i - 5 chunks of flesh


   Skills:
 + Level 2.9 Fighting
 + Level 2.9 Short Blades
 - Level 1.7 Dodging
 + Level 4.1 Stealth
 - Level 2.0 Spellcasting
 + Level 5.3 Hexes


You couldn't memorise any spells.
You knew the following spells:

 Your Spells              Type           Power        Failure   Level  Hunger
a - Confuse               Hex            ###.....     7%          3    ###....
b - Ensorcelled Hibernat  Hex/Ice        ##....       11%         2    ###....
c - Tukima's Dance        Hex            ###.....     7%          3    ###....
d - Corona                Hex            ###....      2%          1    #......

Your spell library contained the following spells:

 Spells                   Type           Power        Failure   Level  Hunger
 Dazzling Spray           Conj/Hex       ##....       22%         3    ###....


Dungeon Overview and Level Annotations

Branches:
Dungeon (3/15)

Altars:

Annotations:
D:2 Natasha
D:3 Jessica


Innate Abilities, Weirdness & Mutations

You have hoof-like feet.
You are mostly covered in yellow scales. (AC +3)
You have a pair of small horns on your head.
You have supernaturally acute eyesight. (SInv)
You evolve.


Message History

a chunk of flesh; an adder skeleton You hit Natasha but do no damage.
You kick Natasha.
Natasha is moderately wounded.
Natasha barely misses you.
You hit Natasha. Your kick misses Natasha.
Natasha is heavily wounded.
You feel sick.
You are no longer poisoned.
Natasha misses you.
You hit Natasha. You kick Natasha.
Natasha is severely wounded.
Natasha extends her claws.
Natasha closely misses you.
You hit Natasha but do no damage. You kick Natasha.
Natasha is severely wounded.
Natasha barely misses you.
You hit Natasha. You kick Natasha.
Natasha is almost dead.
Natasha claws you.
You die...

#.# ########## #.# .
#........# #.#
..########.######.# #.#
#..........######.# #.#
#..#######.......####.#
#...#>..........)......
#.#...%....#..##.####.#
#.....@..........####.#
#.##.h####.#..........#
#.##..# #.#..##.######
####..####.#.###.######
####...................
#................######
#.........##.....#
#.........#####.##
####.###### #.#


You could see Natasha.

Vanquished Creatures
  Sigmund (D:2)
  A crimson imp (D:2)
  An orc priest (D:2)
  2 orc wizards (D:2)
  Crazy Yiuf (D:2)
  Natasha (twice) (D:2)
  4 adders
  A worm (D:3)
  2 leopard geckos
  3 orcs (D:2)
  10 bats
  A giant cockroach (D:2)
  4 goblins
  5 hobgoblins
  A quokka (D:2)
  3 frilled lizards
  5 kobolds
  9 rats
56 creatures vanquished.

Vanquished Creatures (others)
  A dancing weapon (D:2)
1 creature vanquished.

Grand Total: 57 creatures vanquished

Notes
Turn   | Place    | Note
-------+----------+-------------------------------------------
     0 | D:1      | Garbasso the Demonspawn Enchanter began the quest for the
                  | Orb.
     0 | D:1      | Reached XP level 1. HP: 13/13 MP: 3/3
   128 | D:1      | Reached skill level 1 in Short Blades
   206 | D:1      | Gained mutation: You have large cloven feet. [demonic
                  | ancestry]
   206 | D:1      | Reached XP level 2. HP: 8/20 MP: 3/5
   462 | D:1      | Learned a level 2 spell: Ensorcelled Hibernation
  1665 | D:1      | Reached skill level 1 in Fighting
  1665 | D:1      | Gained mutation: You are partially covered in yellow
                  | scales. (AC +2) [demonic ancestry]
  1665 | D:1      | Reached XP level 3. HP: 4/26 MP: 0/6
  1990 | D:2      | Noticed Sigmund
  2034 | D:1      | Learned a level 3 spell: Tukima's Dance
  2256 | D:2      | Killed Sigmund
  2256 | D:2      | Reached skill level 4 in Hexes
  2256 | D:2      | Gained mutation: You have hoof-like feet. [demonic
                  | ancestry]
  2256 | D:2      | Reached XP level 4. HP: 3/33 MP: 0/7
  2256 | D:2      | Gained mutation: You are mostly covered in yellow scales.
                  | (AC +3) [demonic ancestry]
  2256 | D:2      | Reached XP level 5. HP: 3/38 MP: 0/8
  2897 | D:2      | Noticed Natasha
  2910 | D:2      | Killed Natasha
  3123 | D:2      | Found a faded altar of an unknown god.
  3134 | D:2      | Reached XP level 6. HP: 26/46 MP: 4/9
  3233 | D:2      | Reached skill level 5 in Hexes
  3725 | D:2      | Found a runed door.
  3729 | D:2      | Noticed Crazy Yiuf
  3734 | D:2      | Killed Crazy Yiuf
  3764 | D:2      | Learned a level 3 spell: Confuse
  3766 | D:2      | Learned a level 1 spell: Corona
  4237 | D:2      | Noticed Natasha
  4248 | D:2      | Killed Natasha
  4683 | D:3      | Noticed Jessica
  4713 | D:2      | Gained mutation: You have a pair of small horns on your
                  | head. [potion of mutation]
  4713 | D:2      | Gained mutation: You have supernaturally acute eyesight.
                  | (SInv) [potion of mutation]
  4713 | D:2      | Gained mutation: You evolve. [potion of mutation]
  4719 | D:2      | Noticed Natasha
  4727 | D:2      | Slain by Natasha

Vault maps used:
D:1:      eino_arrival_cavern_c
D:2:      chequers_ecumenical_altar_simple_redux, uniq_sigmund, uniq_natasha,
          uniq_crazy_yiuf_cottage
D:3:      grunt_dithmenos_smoke, uniq_robin, uniq_ijyb, uniq_jessica

Skill      XL: |  1  2  3  4  5  6 |
---------------+-------------------+-----
Short Blades   | 1 2 |  2.9
Stealth        | 3 4 |  4.1
Fighting       | 1 2 |  2.9
Hexes          | 4 5 |  5.3
Dodging        | |  1.7
Spellcasting   | |  2.0

Action                   |  1- 3 |  4- 6 || total
-------------------------+-------+-------++-------
Melee: Dagger            |    89 |   162 ||   251
       Kick              |    11 |    36 ||    47
 Cast: Corona            |     8 |     1 ||     9
       Ensorcelled Hiber |     7 |    32 ||    39
       Tukima's Dance    |     3 |     2 ||     5
       Confuse           |       |     6 ||     6
  Use: Potion            |     3 |     1 ||     4
       Scroll            |       |     4 ||     4
 Stab: Sleeping          |    10 |    14 ||    24
  Eat: Chunk             |     2 |     7 ||     9
       Ration            |     1 |     1 ||     2
Armor: Robe              |    25 |    45 ||    70
       Skin              |    11 |       ||    11
Dodge: Dodged            |    46 |    97 ||   143

Table legend:
 A = Non-vault XP
 B = Vault XP
 C = Vault XP percentage of total XP
 D = Non-vault monster count
 E = Vault monster count
 F = Vault count percentage of total count
                 A         B        C        D         E       F
            +---------+---------+-------+---------+---------+-------
      Total |     336 |     306 |  47.7 |      53 |       3 |   5.4
            +---------+---------+-------+---------+---------+-------
        D:1 |      44 |       0 |   0.0 |      22 |       0 |   0.0
        D:2 |     280 |     306 |  52.2 |      25 |       3 |  10.7
        D:3 |      12 |       0 |   0.0 |       6 |       0 |   0.0
            +---------+---------+-------+---------+---------+-------
